 Dungeon Crawl Stone Soup version 0.28-a0-1190-g77e1c55843 (webtiles) character file.

Game seed: 4123639654944811171

575 Gwenloh the Covered (level 7, -1/56 HPs)
             Began as a Human Fighter on Dec 18, 2021.
             Was an Initiate of Ru.
             Killed by nerve-wracking pain
             ... invoked by an orc priest
              (12 damage)
             ... on level 4 of the Dungeon.
             The game lasted 00:15:20 (4500 turns).

Gwenloh the Covered (Human Fighter)                 Turns: 4500, Time: 00:15:31

Health: -1/56      AC:  8    Str: 17    XL:     7   Next: 61%
Magic:  7/7        EV: 13    Int:  8    God:    Ru [......]
Gold:   65         SH:  5    Dex: 14    Spells: 6/6 levels left

rFire   . . .      SeeInvis .   a - +0 long sword
rCold   . . .      Faith    .   c - +0 buckler
rNeg    . . .      Spirit   .   f - +0 scale mail
rPois   .          Reflect  .   (no helmet)
rElec   .          Harm     .   l - +0 cloak
rCorr   .          Rampage  .   (no gloves)
Will    .....                   (no boots)
Stlth   ..........              (no amulet)
HPRegen 0.18/turn               m - +4 ring of evasion
MPRegen 0.10/turn               (no ring)

@: no status effects
A: no striking features
a: Renounce Religion


You were on level 4 of the Dungeon.
You worshipped Ru.
Ru was noncommittal.
You visited 1 branch of the dungeon, and saw 4 of its levels.

You collected 65 gold pieces.

Inventory:

Hand Weapons
 a - a +0 long sword (weapon)
 b - a +1 hunting sling of freezing
Missiles
 i - 53 stones
 j - 2 boomerangs (quivered)
Armour
 c - a +0 buckler (worn)
 f - a +0 scale mail (worn)
 l - a +0 cloak (worn)
Jewellery
 m - a +4 ring of evasion (left hand)
Scrolls
 d - a scroll of teleportation {unknown}
 e - a scroll of fog {unknown}
 g - a scroll of noise {unknown}
 n - a scroll of identify {unknown}
 q - a scroll of vulnerability {unknown}
 s - a scroll of magic mapping {unknown}
Potions
 h - a potion of ambrosia {unknown}
 k - a potion of haste {unknown}
 o - a potion of heal wounds {unknown}
 p - a potion of attraction {unknown}
 r - 2 potions of curing {unknown}


   Skills:
 + Level 5.0 Fighting
 + Level 4.4 Long Blades
 + Level 5.1 Armour
 + Level 0.9 Dodging
 - Level 4.0 Shields


You had 6 spell levels left.
You didn't know any spells.
Your spell library contained the following spells:

 Spells                   Type           Power      Damage    Failure   Level
 Apportation              Tloc           0%         N/A       80%         1
 Alistair's Intoxication  Tmut/Pois      0%         N/A       100%        5


Dungeon Overview and Level Annotations

Branches:
Dungeon (4/15)
 Temple: D:4-7

Altars:
Ru


Message History

Your Fighting skill increases to level 5!
The orc priest misses you.
There is a stone staircase leading up here.
You slash the orc priest!
The orc priest is heavily wounded.
The orc priest closely misses you.
You hit the orc priest.
The orc priest is almost dead.
The orc priest hits you with a +0 flail.
You hit the orc priest but do no damage.
The orc priest is almost dead.
The orc priest barely misses you.
You closely miss the orc priest.
The orc priest is almost dead.
The orc priest hits you but does no damage. x2
You hit the orc priest but do no damage.
The orc priest is severely wounded.
The orc priest barely misses you.
You hit the orc priest but do no damage.
The orc priest is severely wounded.
The orc priest miscasts a cantrip.
You barely miss the orc priest.
The orc priest is severely wounded.
The orc priest invokes the aid of Beogh against you.
Beogh smites you!
You completely miss the orc priest.
The orc priest is severely wounded.
The orc priest hits you with a +0 flail.
You hit the orc priest but do no damage.
The orc priest is severely wounded.
The orc priest hits you with a +0 flail!
You are too injured to fight recklessly!
You closely miss the orc priest.
The orc priest is severely wounded.
The orc priest mumbles some strange prayers to Beogh against you.
Pain shoots through your body!
* * * LOW HITPOINT WARNING * * *
The orc priest calls down the wrath of Beogh upon you.
Pain shoots through your body!
You die...

...........# #......#########
...........#######......#....#...
...........)............#....#...
........................#....#...
....................)...#....###.
..................##'####....###.
...†..............'............'.
..................#)...........#.
................@.#............#.
)........>.......o#............#.
...........#####'##...........##.
...........#...........##..o..###
...........#.....########.....##.
...........#<....# #........
###........#.....# #........
#........#.....# #.....##.
#........#.....# #......##


You could see an orc priest.

Vanquished Creatures
  A necrophage (D:3)
  An ogre (D:4)
  A hound (D:4)
  2 jellies (D:4)
  An iguana (D:4)
  Terence (D:2)
  5 orc wizards
  A hound skeleton (D:4)
  5 adders
  2 dart slugs
  5 orcs
  5 ball pythons
  5 bats
  5 endoplasms
  4 giant cockroaches
  7 hobgoblins
  2 jackals (D:2)
  4 quokkas
  9 frilled lizards
  10 goblins
  3 kobolds
  7 rats
86 creatures vanquished.

Vanquished Creatures (others)
  5 plants (D:3)
5 creatures vanquished.

Grand Total: 91 creatures vanquished

Notes
Turn   | Place    | Note
-------+----------+-------------------------------------------
     0 | D:1      | Gwenloh the Human Fighter began the quest for the Orb.
     0 | D:1      | Reached XP level 1. HP: 18/18 MP: 1/1
   139 | D:1      | Reached XP level 2. HP: 22/24 MP: 2/2
   269 | D:1      | You fall into a shaft and drop 1 floor!
   502 | D:3      | Reached XP level 3. HP: 29/29 MP: 3/3
   655 | D:2      | Noticed Terence
   665 | D:2      | Killed Terence
   834 | D:1      | Reached XP level 4. HP: 32/35 MP: 4/4
  1555 | D:2      | Found a sacrificial altar of Ru.
  2053 | D:2      | Became a worshipper of Ru the Awakened
  2156 | D:3      | Reached XP level 5. HP: 42/42 MP: 5/5
  2157 | D:3      | Noticed a necrophage
  3290 | D:4      | Noticed an ogre
  3296 | D:4      | Killed an ogre
  3297 | D:4      | Reached XP level 6. HP: 41/48 MP: 6/6
  3756 | D:3      | Killed a necrophage
  3757 | D:3      | Reached XP level 7. HP: 48/55 MP: 7/7
  4288 | D:4      | Reached skill level 5 in Armour
  4489 | D:4      | Reached skill level 5 in Fighting
  4500 | D:4      | Killed from afar by an orc priest

Illustrated notes

Levels and vault maps discovered:
D:1:      dpeg_arrival_oval, layout_rooms, minmay_lizard_pond
D:2:      layout_basic, basic_altar, wad_floor_pattern_1, uniq_terence
D:3:      layout_loops_ring, serial_bayou_lagoon_b
D:4:      layout_gridville

Skill      XL: |  1  2  3  4  5  6  7 |
---------------+----------------------+-----
Long Blades    | 3 4 |  4.4
Armour         | 4 5 |  5.1
Shields        | 4 |  4.0
Fighting       | 4 5 |  5.0
Dodging        | |  0.9

Action                   |  1- 3 |  4- 6 |  7- 9 || total
-------------------------+-------+-------+-------++-------
Melee: Long sword        |    80 |    85 |    61 ||   226
 Fire: Hunting sling     |     2 |   100 |    24 ||   126
Throw: Stone             |       |     1 |       ||     1
       Boomerang         |       |     4 |       ||     4
Invok: Reject Sacrifices |       |       |     1 ||     1
  Use: Potion            |     1 |       |       ||     1
Armor: Scale mail        |    33 |    37 |    26 ||    96
Dodge: Dodged            |    31 |    56 |    22 ||   109
Block: Buckler           |    22 |    21 |    11 ||    54

Table legend: (Time is in decaauts)
 A = Elapsed time spent in this place.
 B = Non-inter-level travel time spent in this place.
 C = Inter-level travel time spent in this place.
 D = Time resting spent in this place.
 E = Time spent auto-exploring this place.
 F = Levels seen in this place.
 G = Mean time per level.
                   A        B        C        D        E       F      G
               +--------+--------+--------+--------+--------+-----+--------+
         Total |   4596 |   4214 |    382 |    396 |   2289 |   4 | 1149.0 |
       Dungeon |   4596 |   4214 |    382 |    396 |   2289 |   4 | 1149.0 |
               +--------+--------+--------+--------+--------+-----+--------+

Top non-repeatable levels by time:
     D:2: 1431 daAuts
     D:3: 1330 daAuts
     D:4: 1025 daAuts
     D:1: 808 daAuts
